 Dungeon Crawl Stone Soup version 0.15-a0-1537-ge1f089e (webtiles) character file.

14 Bloax the Slasher (level 2, 0/16 HPs)
             Began as a Vine Stalker Berserker on June 15, 2014.
             Was a Follower of Trog.
             Succumbed to an adder's poison
             ... on Level 2 of the Dungeon.
             The game lasted 00:01:11 (72 turns).

Bloax the Slasher (Vine Stalker Berserker)            Turns: 72, Time: 00:01:11

HP   0/16        AC  2     Str 19      XL: 2   Next: 41%
MP   0/3         EV 12     Int  7      God: Trog [*.....]
Gold 6           SH  0     Dex 13      Spells:  0 memorised,  1 level left

rFire  . . .     SeeInvis .     a - +0 falchion
rCold  . . .     Clarity  .     b - +0 animal skin
rNeg   . . .     rCorr    .     (no shield)
rPois  .         rRot     +     (no helmet)
rElec  .         Spirit   +     (no cloak)
SustAb .         Warding  .     (no gloves)
rMut   .         Stasis   .     (no boots)
Gourm  .                        (no amulet)
MR     .....                    (no ring)
                                (no ring)

@: lethally poisoned, exhausted, slowed, very slow, not resistant to hostile
enchantments, very unstealthy
A: fangs 2, regeneration 1, magic shield, antimagic bite, no device heal 3, rot
immunity
a: Burn Spellbooks, Berserk, Renounce Religion


You were on level 2 of the Dungeon.
You worshipped Trog.
Trog was aware of your devotion.
You were not hungry.

You visited 1 branch of the dungeon, and saw 2 of its levels.

You collected 6 gold pieces.


Innate Abilities, Weirdness & Mutations

You have extremely sharp teeth.
Your natural rate of healing is unusually fast.
When hurt, damage is shared between your health and your magic reserves.
Your bite disrupts and absorbs the magic of your enemies.
Potions and wands cannot restore your health.
You are immune to rotting.


   Skills:
 - Level 2.6 Fighting
 * Level 3.3 Long Blades
 - Level 1.5 Armour
 - Level 1.5 Dodging


You had one spell level left.
You didn't know any spells.

Dungeon Overview and Level Annotations

Branches:
Dungeon (2/15)

Altars:

Annotations:
D:2 Ijyb

Inventory:

Hand weapons
 a - a +0 falchion (weapon)
Armour
 b - a +0 animal skin (worn)
Comestibles
 c - a bread ration
 d - a slice of pizza

. .. .. . .#...
.... ###..#.#
#.K...[# #@# #g#
.......sh..$.....
...........###.
...>.....=.#
.<.......###
........#
.....#[# .#.. .#


You could see Ijyb, a jackal, a giant cockroach and a kobold.


Message History

The jackal bites you but does no damage.
The adder barely misses you.
Unknown command.
You closely miss the adder. The jackal barely misses you.
The adder closely misses you.
Unknown command.
You miss the adder. You bite the adder. You drain its power.
The adder is lightly wounded.
The jackal bites you. The jackal barely misses you.
The adder bites you but does no damage.
A giant cockroach comes into view.
Unknown command.
You closely miss the adder.
The adder is lightly wounded.
You feel sick. The jackal bites you.
* * * LOW HITPOINT WARNING * * *
The rat closely misses you. The jackal barely misses you. The adder bites you.
* * * LOW HITPOINT WARNING * * *
You are more poisoned.
The adder poisons you! The jackal barely misses you.
You slash the adder!
You kill the adder!
Trog accepts your kill.
Your Long Blades skill increases to level 3!
You have reached level 2!
The jackal bites you but does no damage.
The rat barely misses you. The jackal bites you.
* * * LOW HITPOINT WARNING * * *
Unknown command.
You slash the hobgoblin!
You kill the hobgoblin!
Trog accepts your kill.
You feel sick. The jackal bites you.
* * * LOW HITPOINT WARNING * * *
The jackal misses you. The rat closely misses you.
Unknown command.
Found a ring mail.
Things that are here:
a hobgoblin corpse; an adder corpse Unknown command.
You slash the jackal!
You kill the jackal!
Trog accepts your kill.
You feel sick.
You hit the rat. You bite the rat. You drain its power.
You feel invigorated.
You kill the rat!
Trog accepts your kill.
You feel sick.
You hit Ijyb.
Ijyb is lightly wounded.
Ijyb hits you but does no damage.
You slash Ijyb!
Ijyb is heavily wounded.
You feel sick.
You slash Ijyb!
Ijyb is almost dead.
You are no longer berserk.
You are exhausted.
You feel yourself slow down. Ijyb barely misses you.
You closely miss Ijyb.
Ijyb is almost dead.
* * * LOW HITPOINT WARNING * * *
You feel sick. Ijyb misses you. The kobold hits you.
* * * LOW HITPOINT WARNING * * *
Ijyb closely misses you. The kobold barely misses you.
Unknown command.
You hit Ijyb but do no damage.
Ijyb is almost dead.
You die...

Action                   || total
-------------------------++-------
Melee: Falchion          ||    22
Invok: Berserk           ||     1

Vault maps used:
D:1:      dpeg_arrival_rhombus, serial_forest, infiniplex_forest_lined_3,
          infiniplex_forest_end_1, infiniplex_forest_straight_1,
          infiniplex_forest_clump_double, infiniplex_forest_corner_2,
          infiniplex_forest_3_way, infiniplex_forest_end_1
D:2:      evilmike_ruin_ashenzari, lemuel_doored_altar, uniq_iyjb, uniq_jessica

Notes
Turn   | Place    | Note
--------------------------------------------------------------
     0 | D:1      | Bloax, the Vine Stalker Berserker, began the quest for the Orb.
     0 | D:1      | Reached XP level 1. HP: 11/11 MP: 1/1
    59 | D:2      | Noticed Ijyb
    63 | D:2      | Reached skill level 3 in Long Blades
    63 | D:2      | Reached XP level 2. HP: 9/16 MP: 0/3
    64 | D:2      | HP: 6/24 [poisoned by an adder]
    69 | D:2      | HP: 3/24 [poisoned by an adder]
    71 | D:2      | HP: 1/16 [kobold (1)]
    72 | D:2      | Succumbed to an adder's poison

Vanquished Creatures
  An adder (D:2)
  A hobgoblin (D:2)
  A jackal (D:2)
  A bat (D:1)
  2 rats
6 creatures vanquished.
